 Dungeon Crawl Stone Soup version 0.27.1-35-g4d5d836560 (console) character file.

Game seed: 8283963421907194212

3272 grimtooth the Reanimator (level 9, -1/82 HPs)
             Began as a Deep Dwarf Necromancer on Dec 27, 2022.
             Was an Initiate of Makhleb.
             Slain by a skeletal warrior (21 damage)
             ... on level 9 of the Dungeon.
             The game lasted 01:47:10 (13613 turns).

grimtooth the Reanimator (Deep Dwarf Necromancer)  Turns: 13613, Time: 01:47:10

Health: -1/82      AC:  2    Str: 12    XL:     9   Next: 68%
Magic:  4/11       EV: 15    Int: 19    God:    Makhleb [......]
Gold:   289        SH:  0    Dex: 19    Spells: 9/16 levels left

rFire    . . .     SeeInvis .   a - +2 whip (venom)
rCold    . . .     Faith    .   (no shield)
rNeg     + . .     Spirit   .   i - +0 robe
rPois    .         Reflect  .   (no helmet)
rElec    .         Harm     .   (no cloak)
rCorr    .         Rampage  .   (no gloves)
Will     +....                  (no boots)
Stlth    +++.......             t - amulet of the acrobat
HPRegen  0.00/turn              m - ring of positive energy
MPRegen  0.12/turn              O - +6 ring of dexterity

@: about to teleport, hasted, very quick
A: damage resistance, heal wounds, sense surroundings 2, no regeneration
a: Heal Wounds, Renounce Religion


You were on level 9 of the Dungeon.
You worshipped Makhleb.
Makhleb was noncommittal.
You visited 2 branches of the dungeon, and saw 10 of its levels.
You also visited: Ossuary.

You collected 289 gold pieces.

Inventory:

Hand Weapons
 a - a +2 whip of venom (weapon)
 b - a +0 hunting sling
 h - a +0 short sword
 K - a +2 halberd of protection
Missiles
 c - 217 stones (quivered)
 g - 38 sling bullets
 l - 2 datura-tipped darts
 w - 30 bolts
 M - 10 boomerangs
Armour
 i - a +0 robe (worn)
Jewellery
 e - an amulet of faith
 m - a ring of positive energy (left hand)
 p - a ring of positive energy
 r - a ring of fire
 t - an amulet of the acrobat (around neck)
 O - a +6 ring of dexterity (right hand)
Wands
 s - a wand of flame (5)
Scrolls
 d - a scroll of fog
 k - a scroll of silence {unknown}
 n - a scroll of blinking {unknown}
 q - a scroll of fear
 y - 2 scrolls of brand weapon
 z - a scroll of acquirement {unknown}
 C - a scroll of vulnerability {unknown}
 D - a scroll of enchant weapon {unknown}
 F - a scroll of noise
 G - 3 scrolls of immolation
 H - a scroll of amnesia {unknown}
 I - 2 scrolls of holy word
 L - 2 scrolls of magic mapping
Potions
 j - 3 potions of flight
 o - 2 potions of might
 u - a potion of mutation
 v - 2 potions of ambrosia
 x - 3 potions of brilliance
 A - 2 potions of heal wounds {unknown}
 E - a potion of resistance {unknown}
 J - 3 potions of curing
 N - 4 potions of attraction
 P - a potion of berserk rage {unknown}


   Skills:
 - Level 6.0 Fighting
 - Level 6.0 Dodging
 - Level 6.0 Stealth
 - Level 4.0 Spellcasting
 + Level 10.7 Necromancy


You had 9 spell levels left.
You knew the following spells:

 Your Spells              Type           Power      Damage    Failure   Level
a - Pain                  Necr           100%       1d9       1%          1
b - Sublimation of Blood  Necr           22%        N/A       1%          2
v - Vampiric Draining     Necr           22%        2d9       1%          3
x - Animate Skeleton      Necr           88%        N/A       1%          1

Your spell library contained the following spells:

 Spells                   Type           Power      Damage    Failure   Level
 Animate Dead             Necr           22%        N/A       1%          4
 Agony                    Necr           44%        N/A       4%          5
 Petrify                  Tmut/Erth      3%         N/A       80%         4
 Irradiate                Conj/Tmut      1%         3d13      98%         5


Dungeon Overview and Level Annotations

Branches:
Dungeon (9/15)             Temple (1/1) D:7         Ossuary (visited)
   Lair: D:8-11         Orc: D:9-12

Altars:
Ashenzari
Dithmenos
Gozag
Hepliaklqana
Makhleb
Nemelex Xobeh
Qazlal
Ru
Trog
Uskayaw
Yredelemnul
Zin
The Shining One
Lugonu

Annotations:
D:3 1 runed translucent door, Crazy Yiuf
D:4 exclusion: hornet
D:5 exclusion: phantom, Duvessa
D:7 exclusion: skeleton, Joseph, Pikel
D:8 exclusion: necrophage


Innate Abilities, Weirdness & Mutations

You are resistant to damage.
You can heal yourself by infusing magical energy.
You passively map the area around you.
You do not regenerate.


Message History

Okay, then.
Press: ? - help, v - describe, . - travel, g - get item
Here: a skeletal warrior, wielding a +0 war axe (inner flame) Item here: a ring mail.
The floor.
Enter note: - i'm feeling pretty hosed
Okay, then.
You feel yourself speed up.
The skeletal warrior hits you with a +0 war axe!
The skeletal warrior hits you with a +0 mace!!
Okay, then.
As you read the scroll labelled LATOAM HAUW, it crumbles to dust.
You hear a loud clanging noise!
It was a scroll of noise.
You hear a shout!
The skeletal warrior hits you with a +0 war axe!
* * * LOW HITPOINT WARNING * * *
The skeletal warrior closely misses you.
You feel much better.
A skeletal warrior comes into view. It is wielding a +0 long sword.
The skeletal warrior misses you.
The skeletal warrior hits you with a +0 mace!
You feel much better.
As you read the scroll labelled LACIXK DOFUA, it crumbles to dust.
You feel strangely unstable.
It was a scroll of teleportation.
The skeletal warrior completely misses you.
The skeletal warrior barely misses you.
You barely miss the skeletal warrior.
The skeletal warrior hits you with a +0 war axe!!
The skeletal warrior closely misses you.
You hit the skeletal warrior but do no damage.
You hit the skeletal warrior.
The skeletal warrior is lightly damaged.
The skeletal warrior hits you with a +0 war axe!
The skeletal warrior hits you with a +0 mace!!
* * * LOW HITPOINT WARNING * * *
Okay, then.
You fail to use your ability.
The skeletal warrior hits you with a +0 war axe!!
You die...

,#......#.# ***,,*
##......#.# *,,,,*
#.........# *,**,*
,#.......)# #.#*,*
###.......######.#*,***
.#....:...=......[,,,,*
....).......#**#.#*,,,*
#.#.#.......# #z#*,,,*
#...z##.<.### #z#,,,,*
#..#.##../# #z#,*,,*
#....###### #@#,*,,*
#.#.############z#,*,,*
#......>....z....#,*,,*
###........#######,*,,*
#.######.# *,*,,* #.#
#.# *,,,,* #.# **#.#
*,,,** **#.# *,..#
*****,,,* ,,..# *,###
*,,,,,,,* **..** *,*
*,***,,**
**,,,***^*****,***,,*


You could see 4 skeletal warriors.

Vanquished Creatures
  5 yaks (D:6)
  A water moccasin (D:6)
  4 ice beasts
  An orc warrior (D:8)
  A sky beast (D:5)
  A necrophage (D:6)
  A hornet zombie (D:5)
  2 black bears
  An ogre (D:5)
  A centaur (D:9)
  A phantom (D:6)
  A lemure (D:6)
  3 bullfrogs
  2 elf zombies (D:6)
  A gnoll sergeant (D:6)
  2 scorpions (D:6)
  A water moccasin skeleton (D:6)
  A bullfrog zombie (D:6)
  5 hounds
  A lava snake (D:7)
  A human zombie (D:6)
  2 orc priests
  2 gnoll shamans
  A centaur skeleton (D:5)
  An iguana (D:6)
  An orc wizard (D:6)
  A killer bee zombie (D:5)
  A howler monkey zombie (D:5)
  12 gnolls
  4 adders
  A shadow imp (D:5)
  2 ufetubi
  3 adder skeletons (D:2)
  A worm (D:4)
  7 dart slugs
  5 orcs
  A bat skeleton (D:2)
  A bat zombie (D:2)
  5 endoplasms
  4 giant cockroaches
  7 goblins
  8 hobgoblins
  6 jackals
  8 quokkas
  6 ball pythons
  8 bats
  2 frilled lizards
  2 giant cockroach zombies (D:2)
  A jackal skeleton (D:2)
  7 kobolds
  3 orc skeletons (D:6)
  A quokka zombie (D:2)
  9 rats
  A spectral goblin (D:4)
161 creatures vanquished.

Vanquished Creatures (collateral kills)
  A gnoll (D:7)
  A white imp (D:7)
  An orc (D:8)
3 creatures vanquished.

Vanquished Creatures (others)
  10 withered plants (D:2)
10 creatures vanquished.

Grand Total: 174 creatures vanquished

Notes
Turn   | Place    | Note
-------+----------+-------------------------------------------
     0 | D:1      | grimtooth the Deep Dwarf Necromancer began the quest for
                  | the Orb.
     0 | D:1      | Reached XP level 1. HP: 15/15 MP: 3/3
     6 | D:1      | Found a faded altar of an unknown god.
   334 | D:1      | Reached XP level 2. HP: 10/22 MP: 0/4
  1013 | D:1      | Reached skill level 5 in Necromancy
  1013 | D:1      | Reached XP level 3. HP: 13/28 MP: 2/5
  1478 | D:2      | Found a shadowy altar of Dithmenos.
  2512 | D:2      | Reached XP level 4. HP: 29/36 MP: 5/5
  3128 | D:2      | Learned a level 3 spell: Vampiric Draining
  3198 | D:3      | Found a stormy altar of Qazlal.
  3694 | D:3      | Found a sacrificial altar of Ru.
  3694 | D:3      | Found a bloodstained altar of Trog.
  3694 | D:3      | Found a basalt altar of Yredelemnul.
  3696 | D:3      | Found a sparkling altar of Nemelex Xobeh.
  3698 | D:3      | Found a broken altar of Ashenzari.
  3699 | D:3      | Found an opulent altar of Gozag.
  3732 | D:3      | Found a hide-covered altar of Uskayaw.
  3755 | D:3      | Found a glowing silver altar of Zin.
  3873 | D:3      | Reached skill level 6 in Necromancy
  4505 | D:4      | Noticed a hornet
  4513 | D:4      | Found a hazy altar of Hepliaklqana.
  4516 | D:4      | Reached XP level 5. HP: 36/42 MP: 3/6
  4836 | D:4      | Reached skill level 5 in Stealth
  5267 | D:5      | Entered Level 5 of the Dungeon
  5336 | D:5      | Noticed an ice beast
  5346 | D:5      | Noticed a phantom
  5437 | D:5      | - could be a problem
  5455 | D:5      | Reached XP level 6. HP: 49/49 MP: 7/7
  5670 | D:5      | Noticed a sky beast
  5940 | D:5      | Reached skill level 7 in Necromancy
  6326 | D:5      | Noticed Duvessa
  6585 | D:5      | Killed a sky beast
  6705 | D:5      | Reached XP level 7. HP: 42/55 MP: 6/8
  7078 | D:5      | Learned a level 2 spell: Sublimation of Blood
  7159 | D:6      | - i need a hittin stick
  7165 | D:6      | - bad
  7178 | D:6      | Reached skill level 8 in Necromancy
  7336 | D:6      | Reached skill level 9 in Necromancy
  7336 | D:6      | Reached skill level 1 in Fighting
  7363 | D:6      | Found a sand-covered staircase.
  7507 | Ossuary  | Entered an ossuary
  7684 | D:6      | Reached XP level 8. HP: 26/68 MP: 0/9
  8096 | D:6      | Learned a level 1 spell: Animate Skeleton
  9137 | D:6      | Reached skill level 5 in Fighting
  9664 | D:3      | Found a runed translucent door.
  9665 | D:3      | Noticed Crazy Yiuf
 10086 | D:7      | Noticed Joseph
 10439 | D:6      | Gained mutation: You passively map the area around you.
                  | [Deep Dwarf growth]
 10439 | D:6      | Reached XP level 9. HP: 21/82 MP: 0/10
 10768 | D:6      | Reached skill level 5 in Dodging
 11205 | D:7      | Found a staircase to the Ecumenical Temple.
 11211 | Temple   | Entered the Ecumenical Temple
 11219 | Temple   | - oh for real?
 11235 | Temple   | - phew
 11235 | Temple   | Became a worshipper of Makhleb the Destroyer
 11262 | D:7      | Found a shadowy altar of Dithmenos.
 11811 | D:6      | Reached skill level 10 in Necromancy
 12578 | D:7      | Noticed Pikel
 13578 | D:9      | Noticed a skeletal warrior
 13599 | D:9      | Noticed a skeletal warrior
 13600 | D:9      | Noticed a skeletal warrior
 13602 | D:9      | - aaag
 13605 | D:9      | - i'm feeling pretty hosed
 13607 | D:9      | Noticed a skeletal warrior
 13613 | D:9      | Slain by a skeletal warrior

Illustrated notes ##....#..# .'.......# * ##.......# * , .........# , ....##...# * ....##...# * ,, , ....##...# * ....##...# * , , ....##...# , . .†..##...###########.... ,, ................@...[.Z. ≈ ########.############... ...............$..Y * , ########...######## ≈ ...........# * * *####......# * ⌠ #..#.#.# * * *, * #..#<#.# * #....#.# , , #..#.#.#, , ######.#.#.# * Turn 5437 on D:5: - could be a problem ##### ###...# #...#@# * #..W#.#, #...#W# * ###?..#.+ , ##########.....### , , ........##.#...# + ...<....##.#...# +*+ , ........## ##..# ........##. #..###### , ...........##.#....... , #........#..........Y.,, Turn 7159 on D:6: - i need a hittin stick ##### ###W..# #..@#'# * #...#.#, #...#(# * ###?..#§+ , ###########.....### , , #........##.#...# + #...<....##.#...# +*+ , #........## ##..# #........##. #..###### , #...........##.#....... , ##........#..........Y.,, Turn 7165 on D:6: - bad * * *≈ , * , * ,, , , * ,_ , , ≈,, ≈.., , #.. _,* * # #.≈ ### * , * .≈*##..,###..##* ,_ ≈ * , ..#... ....... ,, * , ..#.#...≈_≈ ,, * #.#.§.# , * * *≈ **#..@#* * #..## * * #...#* #≈.## * , *#.#.# ⌠,_ * , #...# ,* *#...# , * #P....z....# * ###........####### , #.######.# , #.# #.# ,,* #.# #.# * #.# ..# * ,,,* ..# ### * , , * .. * * * , ,* * *, * Turn 13602 on D:9: - aaag

,#......#.# ***,,*
##......#.# *,,,,*
#.........# *,**,*
,#.......)# #.#*,*
###.......######.#*,***
.#....:...=......[,,,,*
....).......#**#.#*,,,*
#.#.#.......# #z#*,,,*
#...z##.<.### #.#,,,,*
#..#.##../# #z#,*,,*
#....###### #@#,*,,*
#.#.############z#,*,,*
#......>....z...F#,*,,*
###........#######,*,,*
#.######.# *,*,,* #.#
#.# *,,,,* #.# **#.#
*,,,** **#.# *,..#
*****,,,* ,,..# *,###
*,,,,,,,* **..** *,*
*,***,,**
**,,,***^*****,***,,*


Turn 13605 on D:9: - i'm feeling pretty hosed

Levels and vault maps discovered:
D:1:      roderic_crossed_star, layout_basic, ebering_ecumenical_altar_ruins,
          minmay_misc_feat_room
D:2:      minmay_chambers_of_ones, layout_loops_corners, basic_altar,
          serial_undead, serial_undead_d, serial_undead_c, serial_undead_b,
          serial_undead_e, serial_undead_c, serial_undead_d, serial_undead_f,
          serial_undead_e, serial_undead_b, serial_undead_b,
          grunt_decor_resistance
D:3:      layout_loops_ring, zin_statuary, nicolae_overflow_hidden_temple,
          minitemple, nicolae_qazlal_general_emergency, grunt_ministairs_13,
          uniq_crazy_yiuf_cottage
D:4:      layout_loops_ring, nicolae_hepliaklqana_monster_ancestors,
          minivault_25, chequers_serial_rivers_room_b
D:5:      cheibrodos_quashed, layout_basic, fountainhead, uniq_duvessa
D:6:      layout_rooms, nicolae_ossuary_entry_catacombs
D:7:      layout_basic, mainiacjoe_overflow_alcove_2, minmay_temple_entry_trees,
          grunt_decor_junction, uniq_pikel, uniq_joseph
D:8:      layout_basic
D:9:      layout_loops_ring, hellmonk_bongcloud_opening, uniq_erolcha
Temple:   kb_corrupted_temple

Skill      XL: |  1  2  3  4  5  6  7  8  9 |
---------------+----------------------------+-----
Stealth        | 3 4 5 6 |  6.0
Necromancy     | 5 6 7 9 10 | 10.7
Spellcasting   | 2 3 4 |  4.0
Fighting       | 2 6 |  6.0
Dodging        | 4 6 |  6.0

Action                   |  1- 3 |  4- 6 |  7- 9 || total
-------------------------+-------+-------+-------++-------
Melee: Short sword       |    62 |    67 |    51 ||   180
       Unarmed           |       |    12 |       ||    12
       Whip              |       |       |    99 ||    99
 Fire: Hunting sling     |       |       |    38 ||    38
Throw: Stone             |    12 |    27 |    49 ||    88
 Cast: Pain              |    77 |    69 |    24 ||   170
       Vampiric Draining |       |    14 |   104 ||   118
       Animate Skeleton  |       |       |    14 ||    14
 Abil: Heal Wounds       |     1 |     1 |     9 ||    11
Evoke: Wand              |       |     8 |     7 ||    15
  Use: Scroll            |       |     5 |     9 ||    14
       Potion            |       |     1 |     9 ||    10
 Stab: Sleeping          |     3 |     1 |       ||     4
Armor: Robe              |    26 |    11 |    28 ||    65
       Skin              |       |     9 |       ||     9
Dodge: Dodged            |    81 |    68 |   167 ||   316
